 Dungeon Crawl Stone Soup version 0.27.0-66-gdc8fb28755 (webtiles) character file.

Game seed: 15691511713469817385

1551 Lazy the Geomancer (level 8, 0/45 HPs)
             Began as a Gargoyle Earth Elementalist on Aug 19, 2021.
             Slain by a wight (10 damage)
             ... on level 6 of the Dungeon.
             The game lasted 00:37:40 (7030 turns).

Lazy the Geomancer (Gargoyle Earth Elementalist)    Turns: 7030, Time: 00:37:40

Health: 0/45       AC: 10    Str: 12    XL:     8   Next: 88%
Magic:  17/18      EV: 12    Int: 18    God:
Gold:   206        SH:  0    Dex: 16    Spells: 15/21 levels left

rFire    + . .     SeeInvis +   l - +2 trident (vamp)
rCold    . . .     Faith    .   (no shield)
rNeg     + + .     Spirit   .   q - +1 robe of Watchfulness {rCorr Archmagi}
rPois    ∞         Reflect  .   s - +0 helmet
rElec    +         Harm     .   (no cloak)
rCorr    +         Rampage  .   A - +0 pair of gloves
Will     +....     Archmagi +   (no boots)
Stlth    ++........             (no amulet)
HPRegen  0.15/turn              o - +6 ring of dexterity
MPRegen  0.16/turn              d - ring of Broken Luck {rF+ rN+ Will+ SInv}

@: no status effects
A: sickness immunity, AC +5, negative energy resistance 1, electricity
resistance, torment resistance 1, petrification resistance
a: no special abilities


You were on level 6 of the Dungeon.
You visited 1 branch of the dungeon, and saw 6 of its levels.

You collected 285 gold pieces.
You spent 79 gold pieces at shops.

Inventory:

Hand Weapons
 j - a +1 dagger of venom
 l - a +2 vampiric trident (weapon)
 n - a +2 whip of draining
 p - a +2 dagger of holy wrath
 w - a +1 hand axe of electrocution
 y - a +0 flail
Missiles
 c - 117 stones
Armour
 b - a +1 robe
 g - a +0 kite shield
 q - the +1 robe of Watchfulness (worn) {rCorr Archmagi}
   (You took it off a goblin on level 4 of the Dungeon)

   rCorr:     It protects you from acid and corrosion.
   Archmagi:  It increases the power of your magical spells.
 s - a +0 helmet (worn)
 A - a +0 pair of gloves (worn)
Magical Staves
 m - a staff of poison
Jewellery
 d - the ring of Broken Luck (right hand) {rF+ rN+ Will+ SInv}
   (You found it on level 6 of the Dungeon)

   [ring of positive energy]

   rF:        It protects you from fire.
   rN:        It protects you from negative energy.
   SInv:      It lets you see invisible.
   Will:      It increases your willpower.
 o - a +6 ring of dexterity (left hand)
Wands
 u - a wand of iceblast (11)
 z - a wand of acid (8)
Scrolls
 f - a scroll of fear
Potions
 a - 2 potions of heal wounds {unknown}
 e - a potion of haste
 h - a potion of flight
 i - 3 potions of attraction {unknown}
 r - a potion of might {unknown}
 t - a potion of cancellation {unknown}
 v - a potion of brilliance {unknown}
 x - a potion of berserk rage {unknown}


   Skills:
 + Level 2.8 Fighting
 - Level 1.5 Dodging
 - Level 2.1 Stealth
 + Level 7.0 Spellcasting
 - Level 0.7 Transmutations
 + Level 9.5 Earth Magic


You had 15 spell levels left.
You knew the following spells:

 Your Spells              Type           Power      Damage    Failure   Level
a - Sandblast             Erth           100%       2d20      1%          1
b - Stone Arrow           Conj/Erth      70%        3d11      4%          3
c - Passwall              Tmut/Erth      30%        N/A       1%          2

Your spell library contained the following spells:

 Spells                   Type           Power      Damage    Failure   Level
 Wereblood                Tmut           13%        N/A       12%         2
 Petrify                  Tmut/Erth      37%        N/A       13%         4
 Dispersal                Tloc           4%         N/A       100%        6
 Summon Hydra             Summ           4%         N/A       100%        7
 Disjunction              Tloc           4%         N/A       100%        8
 Sublimation of Blood     Necr           Unusable   N/A       N/A         2

Dungeon Overview and Level Annotations

Branches:
Dungeon (6/15)
 Temple: D:4-7

Altars:
Dithmenos
Wu Jian

Shops:
D:2 [(   D:3 *


Innate Abilities, Weirdness & Mutations

You are immune to sickness and miasma.
Your stone body is resilient. (AC +5)
You are immune to poison.
You resist negative energy. (rN+)
You are resistant to electric shocks. (rElec)
You are resistant to unholy torment.
You are immune to petrification.


Message History

The gnoll hits you with a +0 whip of flaming.
The gnoll burns you. The gnoll hits you but does no damage.
The gnoll misses you. The gnoll closely misses you.
The gnoll hits you with a +0 whip of flaming.
The gnoll burns you.
The gnoll hits you from afar with a +0 spear.
The gnoll hits you with a +0 whip of flaming.
The gnoll burns you. The gnoll barely misses you.
The gnoll hits you but does no damage.
The gnoll hits you from afar with a +0 spear.
The gnoll hits you but does no damage.
The gnoll hits you from afar with a +0 halberd!
The gnoll hits you from afar with a +0 spear.
The gnoll misses you.
An iguana comes into view.
The gnoll closely misses you. The gnoll barely misses you.
The gnoll misses you.
The gnoll hits you from afar with a +0 halberd.
* * * LOW HITPOINT WARNING * * *
Casting: Sandblast (safe; 1% risk of failure)
Confirm with . or Enter, or press ? or * to list all spells.
Okay, then.
You feel better.
The gnoll hits you from afar with a +0 spear.
The gnoll hits you with a +0 whip of flaming.
The gnoll closely misses you.
Casting: Sandblast (safe; 1% risk of failure)
Confirm with . or Enter, or press ? or * to list all spells.
Aiming: Sandblast (safe; 1% risk of failure)
Press: ? - help, Shift-Dir - straight line, f - gnoll
Aim: a gnoll, wielding a +0 whip of flaming (86% to hit)
You feel a surge of power!
The blast of sand hits the gnoll!!
You kill the gnoll!
The iguana hisses angrily.
The wight hits you from afar with a +3 spear.
* * * LOW HITPOINT WARNING * * *
The gnoll hits you but does no damage. x2
The wight hits you from afar with a +3 spear!
You die...

#.# ##.# ....... #.#
#.##....... #.#
#..#....... .#
##.#....... #.........
### ##........ ....#
#######........
......####.......>######
.....ggz.@.####.#+#
......##......#....#
..... #......+....# ....
#......#....# ...
#......#....# ..
#......#....# .
#......#....#
#......#....# #......#


You could see a wight and 2 gnolls.

Vanquished Creatures
  Prince Ribbit (D:5)
  Menkaure (D:4)
  A black bear (D:5)
  2 ogres
  A necrophage (D:5)
  Blork the orc (D:6)
  2 scorpions
  2 howler monkeys (D:6)
  4 hounds
  A gnoll shaman (D:5)
  2 orc priests (D:4)
  A centaur skeleton (D:6)
  A scorpion zombie (D:4)
  Ijyb (D:5)
  An orc wizard (D:6)
  A hound skeleton (D:5)
  A howler monkey zombie (D:6)
  A mummy (D:5)
  Robin (D:4)
  9 gnolls
  3 adders
  A howler monkey skeleton (D:6)
  3 shadow imps (D:5)
  A white imp (D:5)
  2 adder skeletons (D:4)
  2 worms (D:2)
  3 dart slugs
  7 orcs
  5 ball pythons
  8 endoplasms
  2 giant cockroaches
  17 goblins
  12 hobgoblins
  11 jackals
  4 quokkas
  2 bats
  5 frilled lizards
  A hobgoblin zombie (D:5)
  7 kobolds
  3 orc zombies (D:5)
  18 rats
152 creatures vanquished.

Vanquished Creatures (collateral kills)
  A worm (D:3)
1 creature vanquished.

Grand Total: 153 creatures vanquished

Notes
Turn   | Place    | Note
-------+----------+-------------------------------------------
     0 | D:1      | Lazy the Gargoyle Earth Elementalist began the quest for
                  | the Orb.
     0 | D:1      | Reached XP level 1. HP: 10/10 MP: 3/3
   426 | D:1      | Reached skill level 4 in Earth Magic
   426 | D:1      | Reached XP level 2. HP: 4/15 MP: 1/5
  1073 | D:1      | Reached XP level 3. HP: 19/19 MP: 6/6
  1605 | D:2      | Found Iqeoschor's Armour Boutique.
  1673 | D:2      | Learned a level 3 spell: Stone Arrow
  1839 | D:2      | Reached XP level 4. HP: 17/24 MP: 8/8
  1974 | D:2      | Found Arepuf's Antique Weapon Emporium.
  2388 | D:2      | Reached skill level 5 in Earth Magic
  2862 | D:3      | Found Edaredut's General Store.
  2872 | D:3      | Bought a potion of curing for 30 gold pieces
  2872 | D:3      | Bought 22 stones for 22 gold pieces
  2872 | D:3      | Bought 10 stones for 10 gold pieces
  2872 | D:3      | Bought 17 stones for 17 gold pieces
  3681 | D:4      | Noticed a scorpion
  3690 | D:4      | Killed a scorpion
  3691 | D:4      | Reached XP level 5. HP: 20/28 MP: 0/10
  3801 | D:4      | Found a shadowy altar of Dithmenos.
  3809 | D:4      | Noticed Robin
  3813 | D:4      | Identified the +1 robe of Watchfulness {rCorr Archmagi}
  3839 | D:4      | Killed Robin
  3980 | D:4      | Found an ornate altar of the Wu Jian Council.
  4109 | D:4      | Reached skill level 6 in Earth Magic
  4109 | D:4      | Reached XP level 6. HP: 32/32 MP: 10/12
  4350 | D:4      | Noticed Menkaure
  4368 | D:4      | Killed Menkaure
  4684 | D:4      | Reached skill level 7 in Earth Magic
  4684 | D:4      | Reached XP level 7. HP: 28/36 MP: 9/14
  5198 | D:4      | Reached skill level 5 in Spellcasting
  5315 | D:5      | Entered Level 5 of the Dungeon
  5515 | D:5      | Upgraded the game from 0.27.0-65-ge2af304b15 to
                  | 0.27.0-66-gdc8fb28755
  5715 | D:5      | Noticed Prince Ribbit
  5722 | D:5      | Noticed Ijyb
  5731 | D:5      | Killed Ijyb
  5744 | D:5      | Killed Prince Ribbit
  5745 | D:5      | Reached skill level 8 in Earth Magic
  5745 | D:5      | Reached XP level 8. HP: 33/41 MP: 1/17
  6337 | D:5      | Reached skill level 9 in Earth Magic
  6345 | D:5      | Reached skill level 1 in Fighting
  6598 | D:6      | Learned a level 2 spell: Passwall
  6618 | D:6      | Noticed Blork the orc
  6622 | D:6      | Killed Blork the orc
  6759 | D:6      | Identified the ring of Broken Luck {rF+ rN+ Will+ SInv}
  7030 | D:6      | Slain by a wight

Illustrated notes

Levels and vault maps discovered:
D:1:      wander_arrival_desolate, layout_loops_ring
D:2:      layout_basic, serial_shops, shop, shop, st_stairs_5
D:3:      minmay_evil_eye, layout_basic, serial_shops, shop_fountains
D:4:      layout_layer_cave, general_overflow_altar, amcnicky_altar_gilded,
          minivault_14, grunt_ministairs_13, minmay_rat_hole, uniq_menkaure,
          uniq_robin
D:5:      layout_loops_ring, minmay_mini_ossuary, uniq_prince_ribbit1, uniq_ijyb
D:6:      layout_basic, lemuel_round_altar, uniq_blork_the_orc

Skill      XL: |  1  2  3  4  5  6  7  8 |
---------------+-------------------------+-----
Earth Magic    | 4 5 6 7 8 9 |  9.5
Spellcasting   | 3 4 6 7 |  7.0
Fighting       | 2 |  2.8
Dodging        | |  1.5
Stealth        | |  2.1
Transmutations | |  0.7

Action                   |  1- 3 |  4- 6 |  7- 9 || total
-------------------------+-------+-------+-------++-------
Melee: Whip              |    10 |    60 |    28 ||    98
       Unarmed           |     2 |       |       ||     2
       Mace              |    81 |    48 |       ||   129
       Trident           |       |       |    31 ||    31
 Cast: Sandblast         |    27 |    58 |    59 ||   144
  Use: Scroll            |     4 |     3 |     4 ||    11
       Potion            |       |       |     1 ||     1
 Stab: Sleeping          |     7 |     5 |     1 ||    13
Armor: Robe              |    54 |    48 |    60 ||   162
Dodge: Dodged            |    73 |    74 |    76 ||   223
